 Dungeon Crawl Stone Soup version 0.30-a0-600-gb7c8574cbb (webtiles) character file.

Game seed: 12038597684993833124

9 BlackLaughter the Magician (level 2, 21/21 HPs)
             Began as a Djinni Necromancer on Jan 7, 2023.
             Got out of the dungeon alive.
             The game lasted 00:02:36 (218 turns).

BlackLaughter the Magician (Djinni Necromancer)      Turns: 218, Time: 00:02:37

Health: 21/21      AC:  2    Str:  7    XL:     2   Next: 20%
Gold:   23         EV: 12    Int: 16    God:
                   SH:  0    Dex: 13

rFire   + + .      SeeInvis .    (no weapon)
rCold   x . .      Faith    .    (no shield)
rNeg    . . .      Spirit   .    a - +0 robe
rPois   ∞          Reflect  .    (no helmet)
rElec   .          Harm     .    (no cloak)
rCorr   .          Rampage  .    (no gloves)
Will    .....                    (boots unavailable)
Stlth   ++                       (no amulet)
HPRegen 0.23/turn                (no ring)
MPRegen 0.00/turn                (no ring)

@: flying
A: sickness immunity, fire resistance 2, cold vulnerability 1, float, innate
caster, HP casting, extra vitality 1
a: no special abilities


You escaped.
You visited 1 branch of the dungeon, and saw 1 of its levels.

You collected 23 gold pieces.

Inventory:

Armour
 a - a +0 robe (worn)
Potions
 b - a potion of magic


   Skills:
 + Level 2.1 Dodging
 + Level 1.5 Stealth
 + Level 3.6 Spellcasting


You couldn't memorise any spells.
You knew the following spells:

 Your Spells              Type           Power      Damage    Failure   Level
a - Necrotise             Necr           56%        1d6       4%          1
b - Vampiric Draining     Necr           14%        2d7       12%         3
c - Animate Dead          Necr           14%        N/A       36%         4
d - Agony                 Necr           14%        N/A       73%         5
Your spell library was empty.

Dungeon Overview and Level Annotations

Branches:
Dungeon (1/15)

Altars:


Innate Abilities, Weirdness & Mutations

You are immune to sickness and miasma.
You are immune to poison.
Your flesh is very heat resistant. (rF++)
You are vulnerable to cold. (rC-)
You float through the air rather than walking.
You learn spells naturally, not from books.
Your magical power is your life essence.
You have superior vitality. (+4 MHP)


Message History

* * * LOW HITPOINT WARNING * * *
You don't have enough health to cast this spell.
You don't have enough health to cast this spell.
You have nothing you can fire or use right now.
Aiming: Necrotise (safe; 4% risk of failure)
Press: ? - help, Q - select action Shift-Dir - straight line, f - you Nothing appears to happen.
* * * LOW HITPOINT WARNING * * *
Aiming: Necrotise (safe; 4% risk of failure)
Press: ? - help, Q - select action Shift-Dir - straight line, f - you Nothing appears to happen.
* * * LOW HITPOINT WARNING * * *
Your rat skeleton crumbles into dust!
HP restored.
Found a stone staircase leading down.
A rat comes into view.
Aiming: Necrotise (safe; 4% risk of failure)
Press: ? - help, Q - select action Shift-Dir - straight line, f - rat
Aim: a rat (asleep, chance to affect: 84%)
The rat writhes in agony.
You kill the rat!
A rat comes into view.
Aiming: Necrotise (safe; 4% risk of failure)
Press: ? - help, Q - select action Shift-Dir - straight line, f - you That beam is likely to hit you.
Continue anyway? [Y]es or [N]o only, please.
That beam is likely to hit you.
Continue anyway? [Y]es or [N]o only, please.
That beam is likely to hit you.
Continue anyway?
Okay, then.
Aiming: Necrotise (safe; 4% risk of failure)
Press: ? - help, Q - select action Shift-Dir - straight line, f - rat
Aim: a rat (ally target, chance to affect: 84%)
The rat writhes in agony.
You kill the rat!
The dead are walking!
There is an open door here.
There is a staircase leading out of the dungeon here.
Are you sure you want to leave the Dungeon?
This will make you lose the game!
You have escaped!

.#...............#
........#######..###
...#......######...+###
##.#...ZZZ.....Z......###
......Z############.....#
...##..# ######.#..#
#...##.. ##...#'....# ##.
...# #.....#.#..# ....
#..@..#.⌠....# ....Z.
#.....##..#..# ......
##...#+ ..#..# ........
##### ... ... .... ..
.#...


There were no monsters in sight!

Vanquished Creatures
  An endoplasm (D:1)
  4 jackals (D:1)
  3 rats (D:1)
8 creatures vanquished.

Notes
Turn   | Place    | Note
-------+----------+-------------------------------------------
     0 | D:1      | BlackLaughter the Djinni Necromancer began the quest for
                  | the Orb.
     0 | D:1      | BlackLaughter set off with the following spells memorised:
                  | Necrotise, Vampiric Draining, Animate Dead, Agony.
     0 | D:1      | Reached XP level 1. HP: 15/15 MP: 0/0
    67 | D:1      | Reached XP level 2. HP: 19/21 MP: 0/0
   218 | D:$      | Got out of the dungeon alive.

Illustrated notes

Levels and vault maps discovered:
D:1:      noname_arrival_rooms_in_the_neighbourhood, layout_rooms, moated_statue

Action                   || total
-------------------------++-------
 Cast: Necrotise         ||    36
Dodge: Dodged            ||     2

Table legend: (Time is in decaauts)
 A = Elapsed time spent in this place.
 B = Non-inter-level travel time spent in this place.
 C = Inter-level travel time spent in this place.
 D = Time resting spent in this place.
 E = Time spent auto-exploring this place.
 F = Levels seen in this place.
 G = Mean time per level.
                   A        B        C        D        E       F      G
               +--------+--------+--------+--------+--------+-----+--------+
         Total |    218 |    194 |     24 |      0 |    139 |   1 |  218.0 |
       Dungeon |    218 |    194 |     24 |      0 |    139 |   1 |  218.0 |
               +--------+--------+--------+--------+--------+-----+--------+

Top non-repeatable levels by time:
     D:1: 218 daAuts
